 Dungeon Crawl Stone Soup version 0.15.1-3-g1b33baa (webtiles) character file.

165 CrazyArbalest the Covered (level 5, -4/36 HPs)
             Began as a Halfling Fighter on Oct 8, 2014.
             Was an Initiate of Makhleb.
             Slain by a hound (5 damage)
             ... on Level 3 of the Dungeon.
             The game lasted 00:17:09 (4457 turns).

CrazyArbalest the Covered (Halfling Fighter)        Turns: 4457, Time: 00:17:10

HP  -4/36        AC  7     Str 16      XL: 5   Next: 74%
MP   5/5         EV 10     Int  7      God: Makhleb [......]
Gold 200         SH  6     Dex 15      Spells:  0 memorised,  4 levels left

rFire  . . .     SeeInvis .     o - -2 dagger (curse)
rCold  . . .     Clarity  .     b - +0 scale mail
rNeg   . . .     rCorr    .     c - +0 buckler
rPois  .         rRot     .     (no helmet)
rElec  .         Spirit   .     (no cloak)
SustAb .         Warding  .     (no gloves)
rMut   .         Stasis   .     (no boots)
Gourm  .                        (no amulet)
MR     .....                    (no ring)
                                (no ring)

@: not resistant to hostile enchantments, extremely unstealthy
A: mutation resistance 2
a: Renounce Religion


You were on level 3 of the Dungeon.
You worshipped Makhleb.
Makhleb was noncommittal.
You were near starving.

You visited 1 branch of the dungeon, and saw 4 of its levels.

You collected 200 gold pieces.

Inventory:

Hand weapons
 a - a +0 cutlass
 o - a cursed -2 dagger (weapon)
 s - a +4 dagger
Missiles
 f - 123 stones (quivered)
 i - 21 sling bullets
Armour
 b - a +0 scale mail (worn)
 c - a +0 buckler (worn)
Magical devices
 r - a wand of enslavement (16)
Comestibles
 d - 3 bread rations
 j - 3 meat rations
 l - 3 fruits
 p - 2 slices of pizza
Scrolls
 h - 3 scrolls of identify
 m - a scroll of fog
Potions
 e - 2 potions of might
 g - 2 potions of mutation
 k - a potion of heal wounds {unknown}
 n - a potion of flight {unknown}
 q - a potion of restore abilities {unknown}


   Skills:
 + Level 3.3 Fighting
 + Level 3.3 Short Blades
 + Level 4.4 Armour
 + Level 2.3 Dodging
 + Level 0.2 Stealth
 + Level 4.1 Shields


You had 4 spell levels left.
You didn't know any spells.

Dungeon Overview and Level Annotations

Branches:
Dungeon (4/15)
 Temple: D:4-7

Altars:
Makhleb
The Shining One

Annotations:
D:2 Terence
D:3 Sigmund


Innate Abilities, Weirdness & Mutations

You are small and have problems with some larger weapons.
You are somewhat resistant to both further mutation and mutation removal.


Message History

You feel genetically stable.
It was a potion of mutation.
You block the hound's attack.
Unknown command.
Evoke which item? (* to show all) (? for menu, Esc to quit)
Okay, then.
Unknown command.
You miss the hound.
The hound is almost dead.
The hound closely misses you.
You miss the hound.
The hound is almost dead.
The hound barely misses you. You block the hound's attack.
You closely miss the hound.
The hound is almost dead.
The hound bites you.
* * * LOW HITPOINT WARNING * * *
You closely miss the hound.
The hound is almost dead.
The hound bites you.
You die...

...... ... ........... .. .. #.#
#.#.#.#...# .# #. #.###.#.#...@.
.##.#.###........# #.######
.##...)...#....#.###.##...#######
.####.###........(..@##...##.....
...##.# ###....#.####........###.
......# #..###.# #............
##..### #.....@####........###.
##..# #...###h..###...##.....
....# #...##...........######
##..# #...#........###.# ##..#
#...)........# #.# ####
....#######...#........###.# #.>.
.##.##.....................###...
.....%..............#............
.#####........>....####.######...


You could see a hound.

Vanquished Creatures
  Ijyb (D:2)
  3 adders (D:2)
  A giant mite (D:2)
  4 worms
  An ooze (D:1)
  7 orcs (D:3)
  6 bats
  7 giant cockroaches
  5 goblins
  10 hobgoblins
  3 jackals (D:1)
  2 quokkas (D:2)
  3 ball pythons (D:1)
  2 giant geckos
  6 giant newts
  12 kobolds
  An orc skeleton (D:1)
  6 rats
80 creatures vanquished.

Notes
Turn   | Place    | Note
--------------------------------------------------------------
     0 | D:1      | CrazyArbalest, the Halfling Fighter, began the quest for the Orb.
     0 | D:1      | Reached XP level 1. HP: 15/15 MP: 1/1
   244 | D:1      | Reached XP level 2. HP: 16/20 MP: 2/2
   550 | D:1      | Reached XP level 3. HP: 22/25 MP: 3/3
   795 | D:2      | Reached skill level 1 in Dodging
  1068 | D:2      | Found a burning altar of Makhleb.
  1196 | D:2      | Reached XP level 4. HP: 26/31 MP: 4/4
  1299 | D:2      | Noticed Ijyb
  1331 | D:2      | Killed Ijyb
  1331 | D:2      | Reached skill level 4 in Shields
  1686 | D:2      | Noticed Terence
  2137 | D:2      | Reached XP level 5. HP: 17/36 MP: 5/5
  3532 | D:3      | Found a glowing golden altar of the Shining One.
  3540 | D:3      | Noticed Sigmund
  4298 | D:2      | Became a worshipper of Makhleb the Destroyer
  4453 | D:3      | Gained mutation: You are somewhat resistant to both further mutation and mutation removal. [potion of mutation]
  4456 | D:3      | HP: 1/36 [hound (1)]
  4457 | D:3      | Slain by a hound

Action                   |  1- 3 |  4- 6 || total
-------------------------+-------+-------++-------
Melee: Cutlass           |   159 |   115 ||   274
       Dagger            |       |   572 ||   572
Evoke: Wand              |       |     1 ||     1
  Use: Scroll            |       |     1 ||     1
       Potion            |       |     1 ||     1
  Eat: Chunk             |     1 |    10 ||    11
